 Dungeon Crawl Stone Soup version 0.24.0-1-gfbc8707 (webtiles) character file.

Game seed: 17993682899387007460, levelgen mode: deterministic

2587 BoppinsLewinski the Grappler (level 9, -2/69 HPs)
             Began as a Ghoul Conjurer on Nov 7, 2019.
             Was a Believer of Okawaru.
             Killed from afar by a wizard (29 damage)
             ... with a stone arrow
             ... on level 8 of the Dungeon.
             The game lasted 00:22:32 (6818 turns).

BoppinsLewinski the Grappler (Ghoul Conjurer)       Turns: 6818, Time: 00:22:32

Health: -2/69      AC: 11    Str: 15    XL:     9   Next: 58%
Magic:  10/10      EV:  7    Int: 10    God:    Okawaru [**....]
Gold:   408        SH:  0    Dex:  9    Spells: 10/11 levels left

rFire    . . .     SeeInvis .     - Unarmed
rCold    + . .     Gourm    .   (no shield)
rNeg     + + +     Faith    .   m - +0 chain mail
rPois    ∞         Spirit   .   l - +0 helmet
rElec    .         Reflect  .   o - +0 cloak
rCorr    .         Harm     .   (no gloves)
MR       .....                  (no boots)
Stlth    ..........             (no amulet)
HPRegen  0.00/turn              (no ring)
MPRegen  0.12/turn              (no ring)

@: rotting
A: rotting body, claws 1, carnivore, cold resistance 1, negative energy
resistance 3, inhibited regeneration, torment resistance, unbreathing
a: Heroism, Renounce Religion


You were on level 8 of the Dungeon.
You worshipped Okawaru.
Okawaru was pleased with you.
You were not hungry.

You visited 2 branches of the dungeon, and saw 9 of its levels.

You collected 408 gold pieces.

Inventory:

Armour
 l - a +0 helmet (worn)
 m - a +0 chain mail (worn)
 o - a +0 cloak (worn)
 s - a +0 plate armour
Jewellery
 j - a cursed -3 ring of dexterity {unknown}
Scrolls
 b - a scroll of amnesia {unknown}
 d - 2 scrolls of blinking {unknown}
 e - 2 scrolls of fog {unknown}
 f - 6 scrolls of remove curse {unknown}
 g - a scroll of fear {unknown}
 h - 5 scrolls of identify {unknown}
 i - a scroll of teleportation {unknown}
 k - a scroll of magic mapping {unknown}
 n - 3 scrolls of enchant armour {unknown}
Comestibles
 c - 11 rations
 p - a chunk of flesh


   Skills:
 + Level 3.1 Fighting
 + Level 2.5 Armour
 + Level 3.3 Dodging
 - Level 2.1 Stealth
 * Level 11.2 Unarmed Combat
 - Level 1.7 Spellcasting
 - Level 3.2 Conjurations
 + Level 3.1 Invocations
   Level 2.7 Evocations


You had 10 spell levels left.
You knew the following spells:

 Your Spells              Type           Power        Failure   Level  Hunger
a - Magic Dart            Conj           #...         87%         1    ##.....

Your spell library contained the following spells:

 Spells                   Type           Power        Failure   Level  Hunger
 Searing Ray              Conj           #.....       95%         2    ###....
 Blink                    Tloc           N/A          100%        2    ###....
 Call Imp                 Summ           #.......     100%        2    ###....
 Slow                     Hex            #.......     100%        2    ###....
 Conjure Flame            Conj/Fire      #.......     100%        3    ####...
 Dazzling Spray           Conj/Hex       #.....       100%        3    ####...
 Mephitic Cloud           Conj/Pois/Air  #.......     100%        3    ####...
 Force Lance              Conj/Tloc      #.......     100%        4    #####..
 Fulminant Prism          Conj/Hex       #.........   100%        4    #####..
 Iskenderun's Mystic Bla  Conj           #.......     100%        4    #####..


Dungeon Overview and Level Annotations

Branches:
Dungeon (8/15)             Temple (1/1) D:4
   Lair: D:8-11

Altars:
Ashenzari
Cheibriados
Dithmenos
Elyvilon
Fedhas
Gozag
Hepliaklqana
Kikubaaqudgha
Makhleb
Nemelex Xobeh
Okawaru
Qazlal
Ru
Sif Muna
Uskayaw
Vehumet
Wu Jian
Xom
Yredelemnul
Zin
The Shining One

Annotations:
D:7 2 runed translucent doors, Zdeegee's ghost, novice DsAs
D:8 1 runed translucent door, XxsatanxX's ghost, novice MiBe


Innate Abilities, Weirdness & Mutations

Your body is rotting away.
You thrive on raw meat.
You are immune to poison.
You have sharp fingernails.
You are carnivorous and can eat meat at any time.
Your flesh is cold resistant. (rC+)
You are immune to negative energy. (rN+++)
You do not regenerate when monsters are visible.
You are immune to unholy pain and torment.
You can survive without breathing.


Message History

You stop training Evocations.
You aren't carrying any items that you can evoke.
Okay, then.
Unknown command.
Unknown command.
Unknown command.
You aren't carrying any potions.
Unknown command.
Unknown command.
Unknown command.
You hear some strange, mumbled words.
A bolt of lightning appears from out of thin air!
The bolt of lightning hits you!!
You aren't carrying any potions.
Eat one of 2 chunks of flesh? (ye/n/q)
You eat one of the 2 chunks of flesh.
This raw flesh tastes great!
You hear some strange, mumbled words.
A stone arrow appears from out of thin air!
The stone arrow hits you!!
You die...

# # ..####### #
........###################
.######(..................'
#.###################
#)########## # #...........
# #.###...@....... #
#....>..≈≈≈.≈≈≈. #
#.###########..≈≈##{##≈≈ #
#..............≈## .#
############...≈# .#
#...≈.... .≈ ....≈#.[. ≈ #
.##..≈##... # .. #..≈≈##.#
#


There were no monsters in sight!

Vanquished Creatures
  Sigmund (D:2)
  A hungry ghost (D:7)
  An orc warrior (D:7)
  2 ice beasts
  A sky beast (D:6)
  An ogre (D:5)
  A necrophage (D:5)
  3 centaurs
  Blork the orc (D:4)
  2 bullfrogs
  4 howler monkeys
  6 crimson imps
  A bullfrog zombie (D:6)
  A quasit (D:7)
  3 jellies
  A hound (D:6)
  5 orc priests
  3 bullfrog skeletons
  3 iguanas
  4 orc wizards
  3 worker ants
  A hound zombie (D:7)
  10 gnolls
  8 adders
  A shadow imp (D:6)
  An adder skeleton (D:5)
  3 worms
  2 dart slugs
  6 leopard geckos
  23 orcs
  6 giant cockroaches
  9 goblins
  5 hobgoblins
  5 jackals
  8 kobolds
  8 quokkas
  2 bats
  5 frilled lizards
  2 jackal skeletons
  A jackal zombie (D:5)
  A quokka skeleton (D:7)
  3 rats
158 creatures vanquished.

Vanquished Creatures (others)
  A withered plant (D:8)
1 creature vanquished.

Grand Total: 159 creatures vanquished

Notes
Turn   | Place    | Note
-------+----------+-------------------------------------------
     0 | D:1      | BoppinsLewinski the Ghoul Conjurer began the quest for the
                  | Orb.
     0 | D:1      | Reached XP level 1. HP: 14/14 MP: 2/2
    92 | D:1      | Reached skill level 1 in Unarmed Combat
   202 | D:1      | Reached XP level 2. HP: 20/20 MP: 3/3
   207 | D:1      | Reached skill level 2 in Unarmed Combat
   668 | D:2      | Noticed Sigmund
   691 | D:2      | Reached XP level 3. HP: 14/26 MP: 4/4
  1215 | D:1      | Reached skill level 3 in Unarmed Combat
  1227 | D:2      | Killed Sigmund
  1227 | D:2      | Reached skill level 5 in Unarmed Combat
  1227 | D:2      | Reached XP level 4. HP: 16/31 MP: 5/5
  1227 | D:2      | Reached XP level 5. HP: 19/36 MP: 6/6
  1484 | D:2      | Reached skill level 6 in Unarmed Combat
  1536 | D:2      | Reached XP level 6. HP: 38/45 MP: 7/7
  2272 | D:3      | Found a radiant altar of Vehumet.
  2285 | D:3      | Found a stormy altar of Qazlal.
  2442 | D:3      | Found a shattered altar of Ashenzari.
  2488 | D:3      | Found a shimmering altar of Xom.
  2535 | D:3      | Reached skill level 7 in Unarmed Combat
  2715 | D:3      | Found a snail-covered altar of Cheibriados.
  2744 | D:3      | Found a sacrificial altar of Ru.
  2855 | D:3      | Reached XP level 7. HP: 28/50 MP: 8/8
  2962 | D:4      | Noticed Blork the orc
  3004 | D:4      | Killed Blork the orc
  3004 | D:4      | Reached skill level 8 in Unarmed Combat
  3022 | D:4      | Found a shadowy altar of Dithmenos.
  3323 | D:4      | Reached skill level 9 in Unarmed Combat
  3391 | D:4      | Found a staircase to the Ecumenical Temple.
  3413 | D:4      | Found an opulent altar of Gozag.
  3432 | Temple   | Entered the Ecumenical Temple
  3694 | D:4      | Found an iron altar of Okawaru.
  3700 | D:4      | Became a worshipper of Warmaster Okawaru
  3734 | D:4      | Reached XP level 8. HP: 50/57 MP: 9/9
  4069 | D:5      | Entered Level 5 of the Dungeon
  4195 | D:5      | Reached skill level 10 in Unarmed Combat
  4579 | D:5      | Found an iron altar of Okawaru.
  4593 | D:5      | Reached * piety under Okawaru
  4686 | D:5      | Reached skill level 1 in Fighting
  4998 | D:6      | Reached skill level 1 in Invocations
  4998 | D:6      | Reached skill level 1 in Evocations
  5050 | D:6      | Reached skill level 1 in Armour
  5248 | D:6      | Found a glowing golden altar of the Shining One.
  5375 | D:6      | Reached XP level 9. HP: 57/67 MP: 10/10
  5558 | D:6      | Found a shimmering blue altar of Sif Muna.
  5900 | D:7      | Found an ancient bone altar of Kikubaaqudgha.
  6027 | D:7      | Reached skill level 11 in Unarmed Combat
  6039 | D:7      | Reached ** piety under Okawaru
  6106 | D:7      | Noticed Zdeegee's ghost (novice DsAs)
  6108 | D:7      | Found a large runed translucent door.
  6108 | D:7      | Found a large runed translucent door.
  6624 | D:8      | Found an iron altar of Okawaru.
  6682 | D:8      | Found a runed translucent door.
  6684 | D:8      | Noticed XxsatanxX's ghost (novice MiBe)
  6791 | D:8      | Found the +3 pair of gauntlets of War {Slay+5}
  6792 | D:8      | Noticed a wizard
  6818 | D:8      | Killed from afar by a wizard

Levels and vault maps discovered:
D:1:      mrwooster_arrival_arrow, layout_rooms
D:2:      layout_basic, serial_bayou_pond_b, uniq_sigmund
D:3:      layout_basic, cheibriados_altar_1, grunt_qazlal_sundering,
          vehumet_crystals, lemuel_round_altar, ashenzari_conservatory_becter,
          led_xom_imps, first_ration
D:4:      layout_basic, nicolae_gozag_seed_capital,
          chequers_temple_overflow_statue_of_worship,
          minmay_temple_entry_glassed_door, uniq_blork_the_orc
D:5:      layout_basic, lemuel_tele_altar
D:6:      layout_cave_pods, lemuel_crystal_altar, overflow_temple_1_default,
          item_on_display_a
D:7:      layout_loops_ring, ebering_ghost_disaster_area, basic_altar
D:8:      cheibrodos_wizards_tower, layout_basic, trog_ov_bears_minmay,
          erik_lair_island, gammafunk_ghost_grave, basic_altar
Temple:   compressed_dpeg_circular_temple

Skill      XL: |  1  2  3  4  5  6  7  8  9 |
---------------+----------------------------+-----
Unarmed Combat | 1 2 5 6 7 9 10 11 | 11.2
Dodging        | 2 3 |  3.3
Fighting       | 1 3 |  3.1
Invocations    | 1 3 |  3.1
Evocations     | 1 2 |  2.7
Armour         | 1 2 |  2.5
Stealth        | |  2.1
Spellcasting   | |  1.7
Conjurations   | |  3.2

Action                   |  1- 3 |  4- 6 |  7- 9 || total
-------------------------+-------+-------+-------++-------
Melee: Unarmed           |    84 |   189 |   399 ||   672
       Punch             |       |     3 |     7 ||    10
Evoke: Wand              |       |       |    10 ||    10
  Use: Potion            |     1 |       |    10 ||    11
  Eat: Chunk             |     9 |    14 |    48 ||    71
       Ration            |     1 |       |       ||     1
Armor: Scale mail        |    45 |    66 |    60 ||   171
       Chain mail        |       |       |    91 ||    91
Dodge: Dodged            |    53 |    72 |   124 ||   249
